Map: Nightshade LE

Players

Lambo

  • Race: Zerg Zerg
  • League: Diamond
  • Spawn Location: 11:00

cure - Winner!

  • Race: Terran Terran
  • Spawn Location: 5:00

Event: Shopify TSL 5

VOD

Have the link to the VOD?

Description

Time

  • Played on: May 23, 2020, 7:21 a.m.
  • Length: 13:41

All games in this series

Show
View Real Time Build Order
Export as new Build Order

Lambo Zerg 

Build Orders: Hatch First 

Get SALT Encoding   

  12  0:01  Drone  
  13  0:13  Overlord  
  13  0:17  Drone  
  14  0:31  Drone  
  14  0:32  Drone  
  16  0:47  Hatchery  
  15  0:51  Drone  
  15  0:55  Drone  
  17  0:58  Drone  
  18  1:09  Extractor  
  17  1:13  Spawning Pool  
  17  1:16  Drone  
  17  1:20  Drone  
  18  1:29  Drone  
  19  1:39  Drone  
  20  1:50  Drone  
  21  1:59  Queen x2  
  21  2:00  Zergling x2  
  26  2:01  Zergling x2  
  27  2:13  Hatchery  
  26  2:18  Overlord  
  26  2:21  Drone  
  27  2:25  Drone  
  28  2:38  Drone x3  
  28  2:39  Metabolic Boost  
  30  2:47  Drone  
  30  2:49  Overlord  
  31  2:52  Queen  
  31  2:56  Drone  
  31  2:58  Drone  
  35  3:10  Drone x5  
  40  3:15  Queen  
  40  3:19  Drone  
  43  3:21  Drone  
  43  3:27  Overlord  
  44  3:29  Queen  
  44  3:32  Drone  
  44  3:33  Drone  
  48  3:41  Zergling x4  
  48  3:45  Spore Crawler  
  48  3:46  Zergling x4  
  48  3:47  Drone x2  
  53  3:48  Extractor  
  53  3:55  Drone x2  
  50  4:00  Drone x3  
  50  4:02  Drone x2  
  54  4:05  Drone  
  55  4:10  Drone  
  55  4:11  Drone x2  
  58  4:19  Overlord  
  58  4:25  Overlord  
  58  4:30  Overlord  
  58  4:35  Overlord, Spore Crawler  
  58  4:36  Spore Crawler  
  58  4:37  Overlord  
  58  4:39  Spore Crawler  
  58  4:40  Zergling x2  
  58  4:43  Zergling x4  
  58  4:45  Drone x4  
  64  4:50  Lair  
  64  4:51  Drone x2  
  64  4:53  Queen  
  64  4:55  Drone  
  67  5:00  Baneling Nest  
  67  5:02  Drone x2  
  67  5:06  Drone  
  68  5:08  Drone x2  
  68  5:09  Drone  
  68  5:11  Extractor, Drone  
  68  5:12  Extractor  
  70  5:14  Drone  
  70  5:18  Drone x4  
  75  5:24  Drone x2  
  75  5:28  Evolution Chamber, Drone  
  77  5:29  Evolution Chamber  
  77  5:30  Drone x2  
  77  5:33  Drone x2  
  80  5:37  Drone x2  
  80  5:38  Drone x2  
  80  5:40  Hatchery  
  83  5:44  Drone x2  
  83  5:46  Extractor, Overlord  
  83  5:47  Queen  
  83  5:48  Centrifical Hooks  
  84  5:58  Drone x5  
  84  6:03  Overseer  
  87  6:07  Drone  
  87  6:08  Zerg Ground Armor Level 1  
  87  6:09  Zergling x12  
  89  6:15  Drone x4  
  87  6:24  Zerg Melee Weapons Level 1  
  85  6:25  Drone  
  85  6:26  Drone x2  
  85  6:27  Zergling x6  
  91  6:35  Zergling x2  
  92  6:41  Baneling x4  
  92  6:42  Zergling x4, Baneling  
  92  6:43  Zergling x6  
  97  6:48  Zergling x2  
  97  6:49  Overlord x2  
  97  6:50  Overlord  
  97  6:52  Overlord  
  98  6:54  Hatchery  
  98  6:59  Overlord x2  
  98  7:01  Baneling x5  
  97  7:02  Zergling x8  
  97  7:06  Zergling x6  
  103  7:11  Baneling  
  103  7:12  Baneling x4  
  103  7:13  Zergling x8  
  100  7:23  Zergling x2  
  100  7:24  Zergling x16  
  100  7:26  Zergling x2  
  102  7:31  Baneling x3  
  102  7:32  Baneling  
  102  7:35  Drone x4  
  106  7:41  Zergling x4  
  108  7:47  Zergling x4  
  91  7:51  Zergling x8  
  91  7:54  Zergling x4  
  91  7:55  Queen x3  
  99  7:58  Baneling x13  
  99  7:59  Zergling x6, Baneling  
  102  8:06  Zergling x12  
  102  8:08  Zergling x8  
  102  8:11  Zergling x4  
  114  8:14  Drone  
  114  8:18  Zergling x2  
  114  8:19  Zergling x2  
  117  8:21  Queen x2  
  117  8:25  Zergling x4  
  122  8:27  Zergling x4  
  122  8:31  Zergling x10  
  126  8:35  Drone x4  
  126  8:39  Zergling x2  
  131  8:41  Zergling x10  
  131  8:45  Zergling x6  
  139  8:51  Zergling x8  
  126  8:56  Zergling x2  
  126  8:57  Zergling x2  
  126  8:58  Zerg Ground Armor Level 2, Zerg Melee Weapons Level 2  
  126  9:01  Drone x3  
  129  9:05  Drone x5  
  129  9:06  Infestation Pit  
  129  9:08  Drone x2  
  135  9:13  Zergling x8  
  139  9:19  Zergling x4  
  141  9:24  Overlord  
  141  9:27  Overlord x2  
  141  9:29  Overlord, Baneling x8  
  141  9:31  Overlord  
  141  9:32  Zergling x2  
  141  9:34  Overlord  
  141  9:36  Overlord  
  141  9:43  Drone x8  
  149  9:46  Zergling x2  
  149  9:47  Zergling x14  
  157  9:56  Zergling x8  
  157  9:59  Hive  
  157  10:04  Zergling x20  
  159  10:10  Zergling x10  
  160  10:20  Drone x2  
  151  10:22  Spore Crawler  
  151  10:27  Zergling x22  
  159  10:35  Zergling x14  
  157  10:41  Zergling x8  
  158  10:43  Baneling x21  
  158  10:45  Overseer  
  158  10:46  Zergling x2  
  159  10:51  Zergling x8  
  163  10:58  Zergling x16  
  163  11:04  Zergling x6  
  167  11:09  Drone x3  
  158  11:11  Spore Crawler  
  158  11:12  Spore Crawler  
  156  11:18  Spore Crawler  
  156  11:20  Drone x3  
  156  11:22  Zergling x10  
  163  11:31  Zergling x6  
  138  11:40  Zergling x24  
  138  11:45  Overseer  
  149  11:47  Zergling x6  
  149  11:48  Baneling  
  149  11:49  Baneling x7  
  149  11:50  Adrenal Glands  
  149  11:53  Zergling x4, Hydralisk Den  
  153  12:00  Spore Crawler  
  151  12:01  Spore Crawler  
  151  12:03  Zergling x14  
  151  12:08  Extractor  
  151  12:10  Ultralisk Cavern  
  151  12:12  Zergling x2  
  151  12:13  Zergling x12  
  151  12:18  Zergling x4  
  151  12:22  Baneling x7  
  153  12:26  Queen  
  155  12:33  Zergling x20  
  157  12:38  Zergling x10  
  157  12:40  Hatchery  
  157  12:42  Zergling x10  
  150  12:45  Pneumatized Carapace  
  150  12:48  Zergling x2  
  138  12:52  Zergling x8  
  138  12:54  Baneling x6  
  138  12:57  Zergling x8  
  146  12:59  Baneling x5  
  146  13:04  Zergling x16  
  152  13:08  Zergling x6  
  152  13:11  Zergling x2  
  148  13:14  Zergling x2  
  148  13:16  Zergling x6  
  132  13:23  Zergling x2  
Show
View Real Time Build Order
Export as new Build Order

cure Terran - Winner!

Build Orders: Reaper Expand, Hellion Banshee 

Get SALT Encoding   

  12  0:01  SCV  
  13  0:13  SCV  
  14  0:18  Supply Depot  
  14  0:25  SCV  
  15  0:39  SCV  
  15  0:41  Barracks  
  16  0:43  Refinery  
  16  0:51  SCV  
  17  1:04  SCV  
  18  1:16  SCV  
  19  1:28  Reaper, Orbital Command  
  20  1:40  Command Center  
  20  1:48  Supply Depot  
  20  1:54  SCV  
  21  2:00  Marine  
  22  2:06  SCV  
  23  2:08  Factory  
  23  2:17  Refinery  
  23  2:18  SCV  
  23  2:20  Barracks Reactor  
  24  2:30  SCV  
  25  2:42  SCV  
  26  2:53  Starport, Orbital Command  
  26  2:54  SCV  
  27  3:01  Hellion x2  
  27  3:05  Barracks Tech Lab  
  31  3:06  SCV  
  32  3:19  SCV x2  
  34  3:23  Hellion  
  34  3:24  Hellion  
  34  3:25  Supply Depot  
  38  3:31  SCV x2  
  38  3:32  Marine  
  41  3:37  Cloaking Field, Banshee  
  44  3:45  SCV x2  
  50  3:48  Hellion x2  
  50  3:58  SCV  
  50  3:59  SCV  
  47  4:04  Barracks Tech Lab  
  47  4:10  Command Center  
  47  4:14  SCV x2  
  49  4:18  Supply Depot  
  49  4:20  Banshee  
  52  4:26  SCV  
  54  4:31  Supply Depot  
  54  4:32  SCV, Stimpack  
  54  4:40  SCV  
  54  4:44  SCV, Factory Reactor  
  56  4:48  Barracks  
  56  4:52  Barracks, SCV  
  57  4:53  Marine, Supply Depot  
  57  4:56  SCV  
  59  5:04  SCV  
  60  5:08  SCV, Engineering Bay  
  60  5:10  Engineering Bay  
  60  5:11  Marine  
  60  5:12  Refinery x2  
  62  5:16  SCV  
  62  5:18  Starport Reactor  
  62  5:20  SCV  
  64  5:23  Orbital Command  
  64  5:28  SCV  
  64  5:32  SCV  
  66  5:36  Marine x2  
  66  5:37  Terran Infantry Armor Level 1, Terran Infantry Weapons Level 1  
  66  5:40  Marine  
  66  5:41  SCV  
  70  5:44  SCV, Orbital Command  
  70  5:46  Marine x2  
  70  5:47  Siege Tank  
  76  5:53  SCV  
  76  5:56  SCV  
  78  6:01  Marine x2  
  78  6:02  Marine, Medivac x2  
  78  6:04  Marine x2  
  84  6:05  SCV  
  84  6:06  Supply Depot x2  
  86  6:11  SCV x2  
  85  6:19  Marine x3  
  85  6:20  Siege Tank  
  85  6:21  Marine x2, Combat Shield  
  85  6:22  SCV  
  85  6:23  SCV x2  
  93  6:34  SCV, Barracks  
  93  6:35  SCV x2  
  93  6:36  Barracks  
  96  6:41  Armory  
  96  6:42  Marine x5, Supply Depot  
  96  6:45  Supply Depot  
  101  6:47  SCV  
  101  6:48  SCV x2  
  102  6:55  Siege Tank  
  102  6:56  Supply Depot  
  102  6:57  Supply Depot  
  102  6:59  Medivac  
  102  7:00  Marine x2  
  109  7:04  Marine x3, Medivac  
  109  7:08  SCV, Supply Depot x2  
  114  7:09  SCV x2  
  111  7:28  Marine x5, Barracks Reactor x2  
  111  7:29  Siege Tank  
  116  7:31  Refinery x2  
  116  7:33  Terran Infantry Weapons Level 2, Command Center  
  116  7:39  SCV  
  116  7:40  SCV x2  
  119  7:48  Marine x5  
  109  7:54  Terran Infantry Armor Level 2  
  109  7:55  Terran Vehicle And Ship Armor Level 1  
  109  7:56  SCV x3  
  110  8:02  Medivac  
  112  8:06  Marine x5  
  112  8:11  Marine x4  
  112  8:12  Siege Tank  
  124  8:23  Marine x2  
  124  8:24  Marine x3  
  129  8:28  Medivac, Supply Depot  
  129  8:29  Factory, Marine x4  
  135  8:41  Marine x5  
  135  8:44  Siege Tank  
  135  8:47  Marine x4  
  135  8:48  Supply Depot x2  
  137  8:59  Marine x5  
  140  9:04  Marine x2  
  140  9:05  Marine x2  
  140  9:06  SCV x3  
  140  9:09  Barracks  
  147  9:13  Barracks  
  147  9:16  Barracks  
  147  9:17  Factory Reactor, Marine x4  
  147  9:20  Concussive Shells, Marauder  
  147  9:21  Drilling Claws, Widow Mine  
  147  9:22  Marine x4  
  159  9:25  Planetary Fortress  
  159  9:35  Marine x2  
  161  9:40  Sensor Tower  
  161  9:45  Marine x4, Marauder  
  167  9:46  Widow Mine, Medivac  
  167  9:47  Medivac  
  171  10:03  Barracks Tech Lab  
  171  10:07  Widow Mine, Marauder  
  171  10:08  Marine x4  
  171  10:09  Barracks Tech Lab x2  
  171  10:10  Terran Vehicle And Ship Armor Level 2, Terran Infantry Weapons Level 3  
  177  10:21  Command Center  
  175  10:22  Marine x2  
  175  10:23  Marine x2, Marauder  
  175  10:26  Widow Mine  
  175  10:27  Widow Mine  
  175  10:28  Terran Infantry Armor Level 3, Marauder  
  185  10:29  Widow Mine  
  183  10:39  Marine x2, Marauder x2  
  183  10:40  Marine x2  
  185  10:44  Marauder  
  185  10:49  Marauder  
  189  10:53  Barracks x2  
  189  10:54  Marine x4  
  193  11:00  Marauder  
  193  11:02  Marauder, Sensor Tower  
  182  11:06  Marauder  
  182  11:07  Marine x4  
  182  11:11  Marauder  
  188  11:14  Marine x4  
  188  11:15  Widow Mine  
  188  11:16  Widow Mine  
  195  11:22  Marauder  
  199  11:33  Marauder x2  
  199  11:35  Marauder  
  175  11:40  Marine x4  
  175  11:43  Marauder  
  175  11:45  Widow Mine x3  
  175  11:46  Medivac x2  
  187  11:52  Marine x6  
  197  11:54  Marauder x2  
  197  11:56  Marauder  
  197  11:58  Marine  
  200  12:06  Widow Mine  
  197  12:15  Marauder x2  
  197  12:19  Barracks Tech Lab  
  197  12:20  Barracks Tech Lab  
  197  12:28  Command Center  
  197  12:29  Planetary Fortress  
  197  12:43  Marine x4, Marauder x2  
  181  12:47  Marine x6, Marauder x2  
  181  12:48  Widow Mine x3  
  181  12:51  Medivac  
  199  13:03  Marine  
  185  13:20  Marine x6  
Tags
 
Add a new tag
Caveats
  • Supply blocks, unpowered buildings, or Contaminate may cause inaccurate times.
  • Supply counts are checked every 10 seconds.